 Dungeon Crawl Stone Soup version 0.20-a0-820-g557356e (webtiles) character file.

156 GreetingsTrabeler the Slasher (level 5, -12/41 HPs)
             Began as a Mummy Monk on Mar 4, 2017.
             Killed from afar by an orc wizard (15 damage)
             ... with a puff of flame
             ... on level 3 of the Dungeon.
             The game lasted 00:10:02 (2971 turns).

GreetingsTrabeler the Slasher (Mummy Monk)          Turns: 2971, Time: 00:10:03

Health: -12/41     AC:  4    Str: 15    XL:     5   Next: 15%
Magic:  5/5        EV: 13    Int:  9    God:
Gold:   96         SH:  0    Dex: 15    Spells: 4/4 levels left

rFire    x . .     SeeInvis +   d - +2 dagger (venom)
rCold    + . .     Gourm    .   b - +0 robe
rNeg     + + +     Faith    .   (no shield)
rPois    ∞         Spirit   .   (no helmet)
rElec    .         Reflect  .   (no cloak)
rCorr    .         Harm     .   (no gloves)
MR       .....                  j - +1 pair of boots
Stlth    ++........             (no amulet)
Regen    0.2/turn               (no ring)
MPRegen  0.1/turn               f - ring of see invisible

@: no status effects
A: no food or potions, fire vulnerability, cold resistance 1, negative energy
resistance 3, torment resistance, unbreathing
a: no special abilities


You were on level 3 of the Dungeon.
You were not hungry.

You visited 1 branch of the dungeon, and saw 3 of its levels.

You collected 96 gold pieces.

Inventory:

Hand Weapons
 a - a +0 falchion
 d - a +2 dagger of venom (weapon)
Armour
 b - a +0 robe (worn)
 j - a +1 pair of boots (worn)
Jewellery
 f - a ring of see invisible (left hand)
Scrolls
 c - a scroll of teleportation {unknown}
 e - 2 scrolls of identify
 g - 2 scrolls of remove curse
Books
 l - a book of Cantrips

   Spells                             Type                      Level
   a - Confusing Touch                Hexes                        1
   b - Animate Skeleton               Necromancy                   1
   c - Summon Small Mammal            Summoning                    1
   d - Apportation                    Translocation                1


   Skills:
 - Level 3.0 Fighting
 + Level 4.9 Long Blades
 - Level 2.4 Dodging
 - Level 1.5 Stealth


You had 4 spell levels left.
You didn't know any spells.

Dungeon Overview and Level Annotations

Branches:
Dungeon (3/15)

Altars:
Xom

Annotations:
D:3 derval's ghost, amateur CeHu


Innate Abilities, Weirdness & Mutations

You do not eat or drink.
Your flesh is vulnerable to fire.
You are immune to poison.
Your flesh is cold resistant. (rC+)
You are immune to negative energy. (rN+++)
You are immune to unholy pain and torment.
You can survive without breathing.


Message History

You closely miss the orc wizard. The orc wizard closely misses you.
Unknown command.
The orc wizard points at you and mumbles some strange words.
The magic dart hits you! The orc wizard casts a spell at you.
The puff of flame misses you.
The orc wizard gestures at you while chanting.
The magic dart hits you!
You see here a meat ration.
The orc wizard misses you. The orc wizard closely misses you.
The orc wizard points at you and mumbles some strange words.
The magic dart hits you!
* * * LOW HITPOINT WARNING * * *
The orc wizard casts a spell at you. The magic dart hits you!
* * * LOW HITPOINT WARNING * * *
The orc wizard gestures at you while chanting.
The puff of flame hits you! The fire burns you terribly!
You die...

#o##.####..# #
# #.##....#..#
#l ..
#%##.......#
#. #.
#o#...!....###
#.##.
#.............
..(.
###o...†...###
... ##.....#.#
#.. #....##.#
#.. #@#.## #
#.. #.#># #..
..##.#.# #..
#.##.#%# #.†
#.##.#.# #..
#.##<#..
#########.
#.#.#.#.
..........
#..# #..
...####### #.#
#.# #


You could see an orc wizard.

Vanquished Creatures
  Jessica (D:2)
  Ijyb (D:2)
  4 adders
  2 oozes
  4 worms
  A leopard gecko (D:3)
  2 orcs (D:3)
  5 bats
  8 goblins
  6 hobgoblins
  A quokka (D:3)
  5 frilled lizards
  6 kobolds
  6 rats
52 creatures vanquished.

Notes
Turn   | Place    | Note
-------+----------+-------------------------------------------
     0 | D:1      | GreetingsTrabeler the Mummy Monk began the quest for the Orb.
     0 | D:1      | Reached XP level 1. HP: 18/18 MP: 1/1
   132 | D:1      | Reached XP level 2. HP: 24/24 MP: 2/2
   182 | D:1      | Reached skill level 3 in Long Blades
  1129 | D:2      | Reached XP level 3. HP: 26/29 MP: 3/3
  1214 | D:2      | Noticed Jessica
  1229 | D:2      | Killed Jessica
  1229 | D:2      | Reached skill level 4 in Long Blades
  1435 | D:2      | Noticed Ijyb
  1454 | D:2      | Killed Ijyb
  1454 | D:2      | Reached XP level 4. HP: 29/35 MP: 4/4
  2150 | D:3      | Noticed derval's ghost (amateur CeHu)
  2358 | D:3      | Found a shimmering altar of Xom.
  2366 | D:3      | Reached XP level 5. HP: 37/41 MP: 5/5
  2971 | D:3      | Killed from afar by an orc wizard

Vault maps used:
D:1:      saegor_arrival_simple_d, patterned_corridor
D:2:      uniq_jessica, uniq_iyjb
D:3:      old_standard_altar, lemuel_doored_altar, first_bread, uniq_sigmund

Skill      XL: |  1  2  3 |
---------------+----------+-----
Long Blades    | 3 4 |  4.9
Fighting       | |  3.0
Dodging        | |  2.4
Stealth        | |  1.5

Action                   |  1- 3 |  4- 6 || total
-------------------------+-------+-------++-------
Melee: Dagger            |    84 |   105 ||   189
       Falchion          |     6 |       ||     6
  Use: Scroll            |       |     6 ||     6
 Stab: Sleeping          |     2 |     1 ||     3
Armor: Robe              |    11 |    13 ||    24
Dodge: Dodged            |    73 |    47 ||   120
       Rpst.: Falchion   |     1 |       ||     1
